Map: 克哈裂痕

Players

二年级二班永亮

  • Race: Protoss Protoss
  • League: Gold
  • Spawn Location: 7:00

悲觞乁述祱微笑

  • Race: Terran Terran
  • Spawn Location: 7:00

VOD

Have the link to the VOD?

Description

Time

  • Played on: March 6, 2018, 5:17 p.m.
  • Length: 16:24
Show
View Real Time Build Order
Export as new Build Order

二年级二班永亮 Protoss 

Build Orders:  

Get SALT Encoding   

  12  0:04  Probe (Chrono Boost)  
  13  0:16  Probe (Chrono Boost)  
  14  0:27  Probe (Chrono Boost)  
  15  0:38  Probe (Chrono Boost)  
  16  0:41  Gateway  
  16  0:49  Probe (Chrono Boost)  
  18  1:00  Probe (Chrono Boost)  
  18  1:03  Pylon  
  18  1:11  Probe (Chrono Boost)  
  19  1:23  Probe (Chrono Boost)  
  20  1:34  Probe (Chrono Boost)  
  20  1:37  Assimilator  
  21  1:45  Probe (Chrono Boost)  
  21  1:48  Zealot  
  24  1:56  Probe (Chrono Boost)  
  25  2:07  Probe (Chrono Boost)  
  25  2:09  Cybernetics Core  
  26  2:17  Assimilator  
  26  2:18  Probe (Chrono Boost)  
  27  2:24  Zealot  
  30  2:32  Probe (Chrono Boost)  
  30  2:43  Zealot  
  32  2:52  Protoss Air Weapons Level 1  
  32  3:06  Zealot  
  32  3:07  Zealot  
  34  3:38  Probe (Chrono Boost)  
  34  3:39  Stargate  
  36  3:55  Probe (Chrono Boost)  
  37  4:12  Probe (Chrono Boost)  
  37  4:21  Nexus  
  38  4:32  Probe (Chrono Boost)  
  38  4:41  Fleet Beacon  
  38  4:49  Probe (Chrono Boost)  
  39  4:52  Zealot  
  42  5:06  Probe (Chrono Boost)  
  42  5:13  Zealot  
  43  5:23  Probe (Chrono Boost)  
  43  5:27  Assimilator  
  43  5:33  Assimilator  
  44  5:40  Probe (Chrono Boost)  
  44  5:43  Tempest  
  46  6:14  Protoss Air Weapons Level 2  
  46  6:18  Probe (Chrono Boost)  
  47  6:29  Probe (Chrono Boost)  
  49  6:41  Probe (Chrono Boost)  
  49  6:50  Tempest  
  49  6:52  Probe (Chrono Boost)  
  54  7:08  Probe (Chrono Boost)  
  55  7:12  Disintegration  
  55  7:16  Tempest  
  55  7:18  Probe (Chrono Boost)  
  61  7:20  Probe (Chrono Boost)  
  61  7:26  Zealot  
  61  7:27  Zealot  
  67  7:31  Probe (Chrono Boost)  
  67  7:35  Probe (Chrono Boost)  
  67  7:42  Probe (Chrono Boost)  
  68  7:53  Probe (Chrono Boost)  
  68  7:59  Probe (Chrono Boost)  
  70  8:04  Probe (Chrono Boost)  
  70  8:07  Tempest  
  75  8:13  Protoss Air Weapons Level 3  
  75  8:15  Probe (Chrono Boost)  
  76  8:41  Tempest  
  76  8:46  Zealot x2  
  76  8:47  Zealot  
  86  9:12  Zealot  
  86  9:13  Zealot  
  82  9:39  Zealot  
  84  9:40  Zealot  
  84  9:46  Tempest  
  90  10:09  Tempest  
  94  10:23  Tempest  
  98  10:48  Zealot  
  96  11:06  Zealot x2  
  96  11:07  Zealot  
  96  11:38  Tempest  
  100  11:40  Tempest  
  100  11:47  Zealot x2  
  100  11:48  Zealot  
  100  12:14  Tempest  
  100  12:15  Tempest  
  102  12:50  Tempest  
  102  12:55  Tempest  
  110  13:11  Zealot  
  110  13:12  Zealot  
  110  13:13  Zealot  
  116  13:47  Tempest  
  116  13:48  Tempest  
  124  13:55  Zealot  
  124  13:56  Zealot x2  
  130  14:13  Tempest  
  134  14:36  Zealot x2  
  134  14:37  Zealot  
  140  15:00  Tempest  
  128  15:16  Zealot  
  128  15:17  Zealot x2  
  72  15:49  Tempest  
  76  15:50  Tempest  
  76  15:59  Zealot  
Show
View Real Time Build Order
Export as new Build Order

悲觞乁述祱微笑 Terran 

Build Orders:  

Get SALT Encoding   

Tags
 
Commander
ArtanisRaynor
League
Gold
Matchup
Co-op
Replay Pack
Co-op Speedrun
Add a new tag
Caveats
  • Supply blocks, unpowered buildings, or Contaminate may cause inaccurate times.
  • Supply counts are checked every 10 seconds.